| TOP OF THE 1ST |
|
New York Mets batting - Pitching for Washington Nationals : LHP Joe Hincks
|
|
Pitching: LHP Joe Hincks
|
|
|
Batting: RHB Finn Ross
|
0-0: Called Strike 0-1: Fly out, F3 (Popup, 3S, EV 70.6 MPH)
|
|
Batting: LHB Kevin Bellman
|
0-0: Swinging Strike 0-1: Called Strike 0-2: Foul Ball, location: 2F 0-2: Ball 1-2: Foul Ball, location: 2F 1-2: Ball 2-2: Ball 3-2: Foul Ball, location: 2F 3-2: SINGLE (Groundball, 4, EV 98.8 MPH)
|
|
Batting: SHB Sean Cook
|
0-0: Called Strike 0-1: Ball 1-1: Foul Ball, location: 2F 1-2: Ball 2-2: Ball 3-2: SINGLE (Groundball, 6MD, EV 101.2 MPH) Kevin Bellman to second Kevin Bellman to third
|
|
Batting: RHB Jeff Jank
|
0-0: Ball 1-0: Ball 2-0: Ball 3-0: Base on Balls Sean Cook to second
|
|
Batting: SHB Roberto Magne
|
0-0: Ball 1-0: Ball 2-0: Called Strike 2-1: DOUBLE (Flyball, 8RXD, EV 99.4 MPH) Kevin Bellman scores Sean Cook scores Jeff Jank to third
|
|
Batting: RHB Drtian Thaqi
|
0-0: Ball 1-0: Ball 2-0: Ball 3-0: Base on Balls
|
|
Batting: SHB Luke Robbins
|
0-0: Grounds into double play, 5-4-3 (Groundball, 56, EV 83.1 MPH)
|
| Top of the 1st over - 2 runs, 3 hits, 0 errors, 2 left on base; New York 2 - Washington 0 |
| BOTTOM OF THE 1ST |
|
Washington Nationals batting - Pitching for New York Mets : RHP Apostolos Tsatsos
|
|
Pitching: RHP Apostolos Tsatsos
|
|
|
Batting: LHB Bi-jun Chien
|
0-0: Called Strike 0-1: Fly out, F7 (Flyball, 7, EV 91.9 MPH)
|
|
Batting: RHB Dave Vargas
|
0-0: Ball 1-0: Ground out U3 (Groundball, 3, EV 90.6 MPH)
|
|
Batting: LHB Jeff Luvisi
|
0-0: Ball 1-0: SINGLE (Groundball, 6S, EV 69.4 MPH) (infield hit)
|
|
Batting: RHB John Sanders
|
0-0: Ball 1-0: Ball 2-0: Ball 3-0: Called Strike 3-1: Ground out 4-3 (Groundball, 34, EV 90.6 MPH)
|
| Bottom of the 1st over - 0 runs, 1 hit, 0 errors, 1 left on base; New York 2 - Washington 0 |
| TOP OF THE 2ND |
|
New York Mets batting - Pitching for Washington Nationals : LHP Joe Hincks
|
|
Batting: LHB Fabiano Perrolas
|
0-0: Called Strike 0-1: Foul Ball, location: 2F 0-2: Ball 1-2: SOLO HOME RUN (Flyball, 9LD, EV 92.5 MPH), Distance : 355 ft
|
|
Batting: SHB Javy Rosa
|
0-0: Ball 1-0: Foul Ball, location: 2F 1-1: Ball 2-1: Called Strike 2-2: Ball 3-2: Foul Ball, location: 2F 3-2: Strikes out swinging
|
|
Batting: RHB Finn Ross
|
0-0: Ball 1-0: Called Strike 1-1: Ball 2-1: Ball 3-1: Base on Balls
|
|
Batting: LHB Kevin Bellman
|
0-0: Swinging Strike 0-1: Foul Ball, location: 2F 0-2: Ball 1-2: Foul Ball, location: 2F 1-2: SINGLE (Groundball, 4S, EV 66.2 MPH) (infield hit) Finn Ross to second
|
|
Batting: SHB Sean Cook
|
0-0: Swinging Strike 0-1: Ball 1-1: Grounds into double play, 4-6-3 (Groundball, 4, EV 101.2 MPH)
|
| Top of the 2nd over - 1 run, 2 hits, 0 errors, 1 left on base; New York 3 - Washington 0 |
| BOTTOM OF THE 2ND |
|
Washington Nationals batting - Pitching for New York Mets : RHP Apostolos Tsatsos
|
|
Batting: LHB Emmanuel Gaskin
|
0-0: Called Strike 0-1: Swinging Strike 0-2: Ball 1-2: Strikes out looking
|
|
Batting: LHB Bob Melley
|
0-0: Foul Ball, location: 2F 0-1: Ball 1-1: Foul Ball, location: 2F 1-2: Ball 2-2: SINGLE (Groundball, 6D, EV 110.0 MPH)
|
|
Batting: RHB Hisayuki Akiyama
|
0-0: Called Strike 0-1: Ball Bob Melley is caught stealing 2nd base 2-4 1-1: Swinging Strike 1-2: Ball 2-2: SINGLE (Groundball, 56D, EV 99.4 MPH)
|
|
Batting: RHB Justin Bonner
|
0-0: Called Strike 0-1: Ball 1-1: Swinging Strike 1-2: Foul Ball, location: 2F 1-2: Ball 2-2: Strikes out swinging
|
| Bottom of the 2nd over - 0 runs, 2 hits, 0 errors, 1 left on base; New York 3 - Washington 0 |
| TOP OF THE 3RD |
|
New York Mets batting - Pitching for Washington Nationals : LHP Joe Hincks
|
|
Batting: RHB Jeff Jank
|
0-0: Foul Ball, location: 2F 0-1: Ball 1-1: Swinging Strike 1-2: Foul Ball, location: 2F 1-2: Fly out, F9 (Flyball, 9, EV 84.4 MPH)
|
|
Batting: SHB Roberto Magne
|
0-0: Called Strike 0-1: Ball 1-1: Ball 2-1: Ground out 6-3 (Groundball, 6, EV 90.0 MPH)
|
|
Batting: RHB Drtian Thaqi
|
0-0: Ball 1-0: Ground out 6-3 (Groundball, 6S, EV 72.5 MPH)
|
| Top of the 3rd over - 0 runs, 0 hits, 0 errors, 0 left on base; New York 3 - Washington 0 |
| BOTTOM OF THE 3RD |
|
Washington Nationals batting - Pitching for New York Mets : RHP Apostolos Tsatsos
|
|
Batting: RHB Darren McCarty Jr.
|
0-0: Foul Ball, location: 2F 0-1: Foul Ball, location: 2F 0-2: Fly out, F2 (Popup, 23F, EV 90.0 MPH)
|
|
Batting: LHB Bi-jun Chien
|
0-0: SINGLE (Line Drive, 8RS, EV 100.6 MPH)
|
|
Batting: RHB Dave Vargas
|
0-0: Swinging Strike 0-1: Called Strike 0-2: Ball 1-2: Strikes out swinging
|
|
Batting: LHB Jeff Luvisi
|
0-0: Called Strike 0-1: Foul Ball, location: 2F 0-2: Ground out 4-3 (Groundball, 4, EV 100.6 MPH)
|
| Bottom of the 3rd over - 0 runs, 1 hit, 0 errors, 1 left on base; New York 3 - Washington 0 |
| TOP OF THE 4TH |
|
New York Mets batting - Pitching for Washington Nationals : LHP Joe Hincks
|
|
Batting: SHB Luke Robbins
|
0-0: Ball 1-0: Foul Ball, location: 2F 1-1: Ball 2-1: Ball 3-1: Swinging Strike 3-2: Ground out 5-3 (Groundball, 25, EV 66.9 MPH)
|
|
Batting: LHB Fabiano Perrolas
|
0-0: Called Strike 0-1: Foul Ball, location: 2F 0-2: Strikes out looking
|
|
Batting: SHB Javy Rosa
|
0-0: Ball 1-0: Called Strike 1-1: Ball 2-1: Ground out 6-3 (Groundball, 6, EV 81.2 MPH)
|
| Top of the 4th over - 0 runs, 0 hits, 0 errors, 0 left on base; New York 3 - Washington 0 |
| BOTTOM OF THE 4TH |
|
Washington Nationals batting - Pitching for New York Mets : RHP Apostolos Tsatsos
|
|
Batting: RHB John Sanders
|
0-0: Called Strike 0-1: Called Strike 0-2: Ground out 4-3 (Groundball, 4, EV 92.5 MPH)
|
|
Batting: LHB Emmanuel Gaskin
|
0-0: Called Strike 0-1: Ball 1-1: Called Strike 1-2: DOUBLE (Line Drive, 9LM, EV 108.8 MPH)
|
|
Batting: LHB Bob Melley
|
0-0: Fly out, F7 (Flyball, 78S, EV 83.8 MPH)
|
|
Batting: RHB Hisayuki Akiyama
|
0-0: Ball 1-0: Swinging Strike 1-1: Fly out, F8 (Flyball, 8LD, EV 86.2 MPH)
|
| Bottom of the 4th over - 0 runs, 1 hit, 0 errors, 1 left on base; New York 3 - Washington 0 |
| TOP OF THE 5TH |
|
New York Mets batting - Pitching for Washington Nationals : LHP Joe Hincks
|
|
Batting: RHB Finn Ross
|
0-0: Called Strike 0-1: Ball 1-1: Foul Ball, location: 2F 1-2: Ball 2-2: Ball 3-2: Foul Ball, location: 2F 3-2: DOUBLE (Flyball, 89XD, EV 111.2 MPH)
|
|
Batting: LHB Kevin Bellman
|
0-0: Ball 1-0: Foul Ball, location: 2F 1-1: DOUBLE (Flyball, 89D, EV 105.6 MPH) Finn Ross scores
|
|
Batting: SHB Sean Cook
|
0-0: Ball 1-0: Ball 2-0: Ball 3-0: Called Strike 3-1: Base on Balls
|
|
Batting: RHB Jeff Jank
|
0-0: Ball 1-0: SINGLE (Groundball, 3D, EV 94.4 MPH) Kevin Bellman to third Sean Cook to second
|
|
Batting: SHB Roberto Magne
|
0-0: Called Strike 0-1: Ball 1-1: Ground out 5-3 (Groundball, 5S, EV 68.8 MPH) Kevin Bellman scores Sean Cook to third Jeff Jank to second
|
|
Batting: RHB Drtian Thaqi
|
0-0: Ball 1-0: Called Strike 1-1: Ball 2-1: SINGLE (Line Drive, 6D, EV 98.8 MPH) Sean Cook scores Jeff Jank to third
|
|
Pitching: RHP Brian Ramirez
|
|
|
Batting: SHB Luke Robbins
|
0-0: Called Strike 0-1: Swinging Strike 0-2: Strikes out swinging
|
|
Batting: LHB Fabiano Perrolas
|
0-0: SINGLE (Line Drive, 78S, EV 106.9 MPH) Jeff Jank scores Drtian Thaqi to second
|
|
Batting: SHB Javy Rosa
|
0-0: Ball 1-0: Ball 2-0: Foul Ball, location: 2F 2-1: Foul Ball, location: 2F 2-2: Foul Ball, location: 2F 2-2: Foul Ball, location: 2F 2-2: Ball 3-2: Fly out, F7 (Line Drive, 7S, EV 91.2 MPH)
|
| Top of the 5th over - 4 runs, 5 hits, 0 errors, 2 left on base; New York 7 - Washington 0 |
| BOTTOM OF THE 5TH |
|
Washington Nationals batting - Pitching for New York Mets : RHP Apostolos Tsatsos
|
|
Batting: RHB Justin Bonner
|
0-0: Called Strike 0-1: Foul Ball, location: 2F 0-2: Ball 1-2: Ball 2-2: SINGLE (Groundball, 23, EV 70.0 MPH) (infield hit)
|
|
Batting: RHB Darren McCarty Jr.
|
0-0: Foul Ball, location: 2F 0-1: Swinging Strike 0-2: Ball 1-2: Foul Ball, location: 2F 1-2: Foul Ball, location: 2F 1-2: Foul Ball, location: 2F 1-2: Ball 2-2: Ball 3-2: Foul Ball, location: 2F 3-2: Base on Balls Justin Bonner to second
|
|
Batting: LHB Bi-jun Chien
|
0-0: Hit by Pitch Justin Bonner to third Darren McCarty Jr. to second
|
|
Batting: RHB Dave Vargas
|
0-0: Ball 1-0: Ball 2-0: Foul Ball, location: 2F 2-1: Fly out, F8 (Flyball, 8LM, EV 96.2 MPH) Runner from 3rd tags up, OUT at HOME! 8-2 Darren McCarty Jr. to third Bi-jun Chien to second
|
|
Batting: LHB Jeff Luvisi
|
0-0: Ball 1-0: Ball 2-0: Ball 3-0: Base on Balls
|
|
Batting: RHB John Sanders
|
0-0: Fly out, F3 (Popup, 3S, EV 85.0 MPH)
|
| Bottom of the 5th over - 0 runs, 1 hit, 0 errors, 3 left on base; New York 7 - Washington 0 |
| TOP OF THE 6TH |
|
New York Mets batting - Pitching for Washington Nationals : RHP Brian Ramirez
|
|
Batting: RHB Finn Ross
|
0-0: Called Strike 0-1: Foul Ball, location: 2F 0-2: Foul Ball, location: 2F 0-2: Ball 1-2: Strikes out swinging
|
|
Batting: LHB Kevin Bellman
|
0-0: Ball 1-0: Fly out, F2 (Popup, 3SF, EV 75.6 MPH)
|
|
Batting: SHB Sean Cook
|
0-0: Swinging Strike 0-1: Foul Ball, location: 2F 0-2: Foul Ball, location: 2F 0-2: Ball 1-2: Strikes out swinging
|
| Top of the 6th over - 0 runs, 0 hits, 0 errors, 0 left on base; New York 7 - Washington 0 |
| BOTTOM OF THE 6TH |
|
Washington Nationals batting - Pitching for New York Mets : RHP Apostolos Tsatsos
|
|
Batting: LHB Emmanuel Gaskin
|
0-0: Ball 1-0: Ball 2-0: Swinging Strike 2-1: Ball 3-1: SINGLE (Groundball, 34D, EV 98.8 MPH)
|
|
Batting: LHB Bob Melley
|
0-0: Grounds into double play, 4-6-3 (Groundball, 4, EV 84.4 MPH)
|
|
Batting: RHB Hisayuki Akiyama
|
0-0: Ball 1-0: Ball 2-0: Ball 3-0: Called Strike 3-1: Fly out, F8 (Flyball, 8RM, EV 90.6 MPH)
|
| Bottom of the 6th over - 0 runs, 1 hit, 0 errors, 0 left on base; New York 7 - Washington 0 |
| TOP OF THE 7TH |
|
New York Mets batting - Pitching for Washington Nationals : RHP Brian Ramirez
|
|
Batting: RHB Jeff Jank
|
0-0: Ball 1-0: Ground out U3 (Groundball, 34, EV 104.4 MPH)
|
|
Batting: SHB Roberto Magne
|
0-0: Ball 1-0: Ball 2-0: Ball 3-0: Base on Balls
|
|
Batting: RHB Drtian Thaqi
|
0-0: Ball 1-0: Ball 2-0: Ball 3-0: Called Strike 3-1: Foul Ball, location: 2F 3-2: Base on Balls Roberto Magne to second
|
|
Batting: SHB Luke Robbins
|
0-0: Ball 1-0: Swinging Strike 1-1: Foul Ball, location: 2F 1-2: Ball 2-2: Foul Ball, location: 2F 2-2: Ball 3-2: Fielders Choice at 2nd, 6-4 (Groundball, 6, EV 78.8 MPH) Roberto Magne to third
|
|
Batting: LHB Fabiano Perrolas
|
0-0: Ball 1-0: Called Strike 1-1: Ball 2-1: Fly out, F7 (Flyball, 78S, EV 95.0 MPH)
|
| Top of the 7th over - 0 runs, 0 hits, 0 errors, 2 left on base; New York 7 - Washington 0 |
| BOTTOM OF THE 7TH |
|
Washington Nationals batting - Pitching for New York Mets : RHP Apostolos Tsatsos
|
|
Batting: RHB Justin Bonner
|
0-0: Called Strike 0-1: Foul Ball, location: 2F 0-2: Foul Ball, location: 2F 0-2: Foul Ball, location: 2F 0-2: Ground out 3-1 (Groundball, 34, EV 83.8 MPH)
|
|
Batting: RHB Darren McCarty Jr.
|
0-0: Ball 1-0: Called Strike 1-1: Ball 2-1: Foul Ball, location: 2F 2-2: Ground out 5-3 (Groundball, 56, EV 78.8 MPH)
|
|
Batting: LHB Bi-jun Chien
|
0-0: Ball 1-0: Called Strike 1-1: DOUBLE (Line Drive, 9LD, EV 112.5 MPH)
|
|
Batting: RHB Dave Vargas
|
0-0: Ball 1-0: Swinging Strike 1-1: Ball 2-1: Ground out 4-3 (Groundball, 4, EV 80.6 MPH)
|
| Bottom of the 7th over - 0 runs, 1 hit, 0 errors, 1 left on base; New York 7 - Washington 0 |
| TOP OF THE 8TH |
|
New York Mets batting - Pitching for Washington Nationals : RHP Brian Ramirez
|
|
Pitching: RHP Jon Glenn
|
|
|
Batting: SHB Javy Rosa
|
0-0: Called Strike 0-1: Fly out, F8 (Flyball, 8LM, EV 88.8 MPH)
|
|
Batting: RHB Finn Ross
|
0-0: Ball 1-0: Ball 2-0: Ball 3-0: Base on Balls
|
|
Pinch Hitting: RHB Billy Walker
|
0-0: Foul Ball, location: 2F 0-1: Fly out, F8 (Line Drive, 8RD, EV 93.1 MPH)
|
|
Batting: SHB Sean Cook
|
0-0: Ball 1-0: Foul Ball, location: 2F 1-1: Foul Ball, location: 2F 1-2: Foul Ball, location: 2F 1-2: Ball 2-2: Foul Ball, location: 2F 2-2: Foul Ball, location: 2F 2-2: Foul Ball, location: 2F 2-2: Ball Finn Ross steals 2nd base 3-2: SINGLE (Line Drive, 4D, EV 95.6 MPH) Finn Ross to third Runner from 3rd tries for Home, throw by CF and OUT! 8-2
|
| Top of the 8th over - 0 runs, 1 hit, 0 errors, 1 left on base; New York 7 - Washington 0 |
| BOTTOM OF THE 8TH |
|
Washington Nationals batting - Pitching for New York Mets : RHP Apostolos Tsatsos
|
|
Now at 2B: Billy Walker
|
|
|
Batting: LHB Jeff Luvisi
|
0-0: Called Strike 0-1: Called Strike 0-2: Ball 1-2: SINGLE (Groundball, 34D, EV 107.5 MPH)
|
|
Pitching: RHP Marc Maniu
|
|
|
Batting: RHB John Sanders
|
0-0: 2-RUN HOME RUN (Flyball, 9D, EV 100.0 MPH), Distance : 368 ft
|
|
Batting: LHB Emmanuel Gaskin
|
0-0: Called Strike 0-1: Ball 1-1: Ball 2-1: Foul Ball, location: 2F 2-2: Ball 3-2: Base on Balls
|
|
Batting: LHB Bob Melley
|
0-0: Ball 1-0: Ball 2-0: Ball 3-0: Foul Ball, location: 2F 3-1: Fly out, F7 (Flyball, BS2, EV 94.4 MPH)
|
|
Pinch Hitting: SHB Tze-meng Gan
|
0-0: Ball 1-0: Ball 2-0: Ball 3-0: Base on Balls Emmanuel Gaskin to second
|
|
Batting: LHB Seth Cook
|
0-0: Ball 1-0: Ball 2-0: Ball 3-0: Base on Balls Emmanuel Gaskin to third Tze-meng Gan to second
|
|
Batting: RHB Darren McCarty Jr.
|
0-0: Ball 1-0: Called Strike 1-1: Called Strike 1-2: Ball 2-2: Ball 3-2: Ground out 6-3 (Groundball, 6S, EV 69.4 MPH) Emmanuel Gaskin scores Tze-meng Gan to third Seth Cook to second
|
|
Batting: LHB Bi-jun Chien
|
0-0: Fly out, F8 (Flyball, 8LM, EV 84.4 MPH)
|
| Bottom of the 8th over - 3 runs, 2 hits, 0 errors, 2 left on base; New York 7 - Washington 3 |
| TOP OF THE 9TH |
|
New York Mets batting - Pitching for Washington Nationals : RHP Jon Glenn
|
|
Now at 3B: Tze-meng Gan
|
|
|
Now at SS: Darren McCarty Jr.
|
|
|
Batting: RHB Jeff Jank
|
0-0: Ball 1-0: Ground out 5-3 (Groundball, 56S, EV 65.6 MPH)
|
|
Batting: SHB Roberto Magne
|
0-0: Ball 1-0: Called Strike 1-1: Foul Ball, location: 2F 1-2: Ball 2-2: Foul Ball, location: 2F 2-2: Strikes out swinging
|
|
Batting: RHB Drtian Thaqi
|
0-0: Called Strike 0-1: Fly out, F9 (Flyball, 9LM, EV 99.4 MPH)
|
| Top of the 9th over - 0 runs, 0 hits, 0 errors, 0 left on base; New York 7 - Washington 3 |
| BOTTOM OF THE 9TH |
|
Washington Nationals batting - Pitching for New York Mets : RHP Marc Maniu
|
|
Pitching: RHP Robbie Beerbower
|
|
|
Now in RF: Antonio Aranda
|
|
|
Batting: RHB Dave Vargas
|
0-0: Ball 1-0: Ball 2-0: Called Strike 2-1: Ball 3-1: SINGLE (Groundball, P, EV 83.8 MPH) (infield hit)
|
|
Batting: LHB Jeff Luvisi
|
0-0: Called Strike 0-1: Called Strike 0-2: Foul Ball, location: 2F 0-2: Strikes out looking
|
|
Batting: RHB John Sanders
|
0-0: Ball 1-0: Ball 2-0: Foul Ball, location: 2F 2-1: SINGLE (Line Drive, 7LS, EV 92.5 MPH) Dave Vargas to second
|
|
Pitching: LHP Chris Thurner
|
|
|
Pinch Hitting: SHB Mark Rennie
|
0-0: Called Strike 0-1: Swinging Strike 0-2: Foul Ball, location: 2F 0-2: Strikes out looking
|
|
Pinch Hitting: RHB Dan Fallon
|
0-0: Called Strike 0-1: Ball 1-1: Ball 2-1: Ball 3-1: Base on Balls Dave Vargas to third John Sanders to second
|
|
Batting: SHB Tze-meng Gan
|
0-0: Ball 1-0: Ball 2-0: Called Strike 2-1: Ball 3-1: Base on Balls Dave Vargas scores John Sanders to third Dan Fallon to second
|
|
Batting: LHB Seth Cook
|
0-0: Ball 1-0: Called Strike 1-1: Foul Ball, location: 2F 1-2: Ball 2-2: Ball 3-2: Foul Ball, location: 2F 3-2: Fly out, F8 (Flyball, 89M, EV 86.2 MPH)
|
| Bottom of the 9th over - 1 run, 2 hits, 0 errors, 3 left on base; New York 7 - Washington 4 |
|